 Dungeon Crawl Stone Soup version 0.30.0-5-g1a98f26d00 (webtiles) character file.

Game seed: 2632224826100964245

24 hawla the Firebug (level 3, 0/26 HPs)
             Began as a Meteoran Fire Elementalist on May 12, 2023.
             Shot with an arrow by a centaur (10 damage)
             ... on level 4 of the Dungeon.
             The game lasted 00:02:57 (288 turns).

hawla the Firebug (Meteoran Fire Elementalist)       Turns: 288, Time: 00:02:58

Health: 0/26       AC:  2    Str:  9    XL:     3   Next: 32%
Magic:  3/8        EV: 12    Int: 18    God:
Gold:   38         SH:  0    Dex: 15    Spells: 5/8 levels left

rFire   . . .        (no weapon)
rCold   . . .        (no shield)
rNeg    . . .        a - +0 robe
rPois   .            (no helmet)
rElec   .            (no cloak)
rCorr   .            (no gloves)
SInv    .            (no boots)
Will    .....        (no amulet)
Stlth   +            (no ring)
HPRegen 0.24/turn    (no ring)
MPRegen 0.11/turn

%: no passive effects
@: very slightly contaminated, glowing
A: sense surroundings 1, otherworldly, glowing, explore regen
a: no special abilities


You were on level 4 of the Dungeon.
You visited 1 branch of the dungeon, and saw 4 of its levels.

You collected 38 gold pieces.

Inventory:

Armour
 a - a +0 robe (worn)
Jewellery
 e - a ring of poison resistance
Scrolls
 b - a scroll of summoning {unknown}
Potions
 d - a potion of flight {unknown}


   Skills:
 + Level 0.2 Fighting
 + Level 2.4 Dodging
 - Level 1.4 Stealth
 + Level 3.2 Spellcasting
 + Level 1.2 Conjurations
 + Level 4.5 Fire Magic


You had 5 spell levels left.
You knew the following spells:

 Your Spells              Type           Power      Damage    Failure   Level
a - Foxfire               Conj/Fire      52%        2x1d6     4%          1
b - Scorch                Fire           38%        2d7       3%          2

Your spell library contained the following spells:

 Spells                   Type           Power      Damage    Failure   Level
 Freeze                   Ice            8%         1d3       16%         1
 Inner Flame              Hex/Fire       11%        N/A       19%         3
 Volatile Blastmotes      Fire/Tloc      22%        2d11      19%         3
 Cigotuvi's Dreadful Rot  Necr/Pois/Air  4%         N/A       24%         2
 Ignite Poison            Fire/Tmut/Pois 8%         N/A       26%         3
 Hailstorm                Conj/Ice       5%         3d4       36%         3
 Frozen Ramparts          Ice            4%         1d1       43%         3
 Flame Wave               Conj/Fire      13%        2d6       43%         4
 Freezing Cloud           Conj/Ice/Air   2%         6-21      98%         5


Dungeon Overview and Level Annotations

Branches:
Dungeon (4/15) Zot: 2124
 Temple: D:4-7

Altars:


Innate Abilities, Weirdness & Mutations

You passively map a small area around you.
You are easily found by Zot.
You glow in the dark.
You regain HP and MP as you explore.


Message History

The foxfire hits the bat.
You kill the bat!
Your foxfire dissipates!
There is a stone staircase leading down here.
You climb downwards.
Found a scroll labelled ACWOGI AVEYRAH.
There is a stone staircase leading up here.
A kobold comes into view. It is wielding a +0 dagger.
A hobgoblin comes into view.
The hobgoblin shouts!
You hear an angry hiss.
An adder comes into view.
A centaur comes into view.
Casting: Foxfire (safe; 4% risk of failure)
Confirm with . or Enter, or press ? or * to list all spells.
You conjure some foxfire!
The foxfire hits the hobgoblin.
The hobgoblin is almost dead.
The adder barely misses you.
Casting: Foxfire (safe; 4% risk of failure)
Confirm with . or Enter, or press ? or * to list all spells.
You miscast Foxfire.
You are very lightly contaminated with residual magic.
Nothing appears to happen.
The foxfire hits the adder.
The adder is moderately wounded.
The centaur wields a +0 shortbow.
The centaur shoots an arrow.
The arrow barely misses you.
The arrow hits the hobgoblin!
The hobgoblin dies!
The adder closely misses you.
Casting: Foxfire (safe; 4% risk of failure)
Confirm with . or Enter, or press ? or * to list all spells.
You conjure some foxfire!
The centaur shoots an arrow.
The arrow hits you! The adder closely misses you.
You miss the adder.
The adder is moderately wounded.
The foxfire hits the adder but does no damage.
The adder is moderately wounded.
The foxfire hits the adder.
The adder is severely wounded.
The centaur shoots an arrow.
The arrow hits you! The adder barely misses you.
The centaur shoots an arrow.
The arrow hits you!
You die...

* ......#.. ,, , *
.......#.#. ## , ,
#............. ,, .,*
##.......##.## ,, 8
..###............##
..................#.,
,
*#...................
......†.....<..##.. *
,
#....S@............*
* #....###...........
....#, #...c.......
##. * ,*#....#......
, , ....###....., , ,
..##.# *..... , * *
... ... *....., ,
*K... .... , .. * , ,


You could see a centaur and an adder.

Vanquished Creatures
  A worm (D:3)
  4 bats
  An endoplasm (D:2)
  A giant cockroach (D:3)
  4 hobgoblins
  4 jackals (D:1)
  2 rats
17 creatures vanquished.

Vanquished Creatures (others)
  A hobgoblin (D:4)
  48 foxfires
49 creatures vanquished.

Grand Total: 66 creatures vanquished

Notes
Turn   | Place    | Note
-------+----------+-------------------------------------------
     0 | D:1      | hawla the Meteoran Fire Elementalist began the quest for
                  | the Orb.
     0 | D:1      | Reached XP level 1. HP: 14/14 MP: 5/5
    24 | D:1      | Reached XP level 2. HP: 10/20 MP: 4/7
    26 | D:1      | Reached skill level 4 in Fire Magic
    77 | D:1      | Learned a level 2 spell: Scorch
   212 | D:3      | Reached XP level 3. HP: 14/26 MP: 1/8
   283 | D:4      | Noticed a centaur
   288 | D:4      | Shot with an arrow by a centaur

Illustrated notes

Levels and vault maps discovered:
D:1:      lightli_arrival_lavapool, layout_loops_ring,
          dreamdust_ecumenical_altar_drowned_temple
D:2:      minmay_skewed_foursquare, layout_basic, basic_altar,
          nicolae_grassy_gnolls
D:3:      layout_basic, cheibrodos_ashenzari_chains, gammafunk_ghost_icy
D:4:      layout_cave_pools, minmay_temple_entry_antechambers

Skill      XL: |  1  2 |
---------------+-------+-----
Spellcasting   | 3 |  3.2
Fire Magic     | 4 |  4.5
Fighting       | |  0.2
Dodging        | |  2.4
Stealth        | |  1.4
Conjurations   | |  1.2

Action                     || total
---------------------------++-------
  Melee: Unarmed           ||    10
   Cast: Foxfire           ||    28
         Scorch            ||     5
    Use: Potion            ||     2
 Armour: Robe              ||    11
  Dodge: Dodged            ||    13
